 Dungeon Crawl Stone Soup version 0.27.0-66-gdc8fb28755 (webtiles) character file.

Game seed: 7273634267211788945

166900 Kinoniko the Warrior (level 17, 0/170 HPs)
             Began as a Demonspawn Berserker on Aug 19, 2021.
             Was the Champion of Trog.
             Killed from afar by a will-o-the-wisp (23 damage)
             ... with a foxfire
             ... on level 2 of the Swamp on Aug 20, 2021.
             The game lasted 00:38:22 (26305 turns).

Kinoniko the Warrior (Demonspawn Berserker)        Turns: 26305, Time: 00:38:23

Health: 0/170      AC: 29    Str: 22    XL:     17   Next: 30%
Magic:  17/17      EV: 15    Int: 14    God:    Trog [******]
Gold:   1746       SH:  5    Dex: 16    Spells: 16/16 levels left

rFire    . . .     SeeInvis +   X - +6 broad axe (venom)
rCold    + . .     Faith    .   s - +0 buckler
rNeg     . . .     Spirit   .   F - +4 plate armour {rC+}
rPois    +         Reflect  .   k - +2 helmet {SInv}
rElec    .         Harm     .   y - +1 cloak of Starlight {*Dazzle EV+4 Stlth--}
rCorr    .         Rampage  .   (gloves unavailable)
Will     ++...                  o - +2 pair of boots
Stlth    ..........             A - amulet of Vitality {Regen+ HP+15}
HPRegen  1.38/turn              m - ring of willpower
MPRegen  0.15/turn              N - ring "Wievan" {Fly rPois Int+6 Stlth-}

@: mighty, about to teleport, flying
A: claws 3, rugged brown scales 2, foul stench 3, powered by pain 3
a: Renounce Religion, Berserk, Trog's Hand, Brothers in Arms


You were on level 2 of the Swamp.
You worshipped Trog.
Trog was exalted by your worship.
You visited 4 branches of the dungeon, and saw 25 of its levels.
You visited the Abyss 1 time.
You also visited: Ossuary.

You collected 3190 gold pieces.
You spent 1444 gold pieces at shops.

Inventory:

Hand Weapons
 L - a +5 demon whip of electrocution
 X - a +6 broad axe of venom (weapon)
Missiles
 j - 3 throwing nets (quivered)
 B - 11 silver javelins
 Z - 19 curare-tipped darts
Armour
 k - a +2 helmet of see invisible (worn)
 o - a +2 pair of boots (worn)
 s - a +0 buckler (worn)
 y - the +1 cloak of Starlight (worn) {*Dazzle EV+4 Stlth--}
   (You acquired it on level 6 of the Dungeon)

   It may blind those who miss an attack against the wearer in melee combat.
   EV:        It affects your evasion (+4).
   Stlth:     It makes you much less stealthy.
 D - a +0 tower shield
 F - a +4 plate armour of cold resistance (worn)
 W - the +0 hat of the Wild Haggis {-Tele Harm rC+}
   (You found it on level 3 of the Abyss)

   rC:        It protects you from cold.
   -Tele:     It prevents most forms of teleportation.
   Harm:      It increases damage dealt and taken.
Jewellery
 c - an amulet of regeneration
 m - a ring of willpower (left claw)
 A - the amulet of Vitality (around neck) {Regen+ HP+15}
   (You found it in an ossuary)

   [amulet of regeneration]

   HP:        It affects your health (+15).
   Regen:     It increases your rate of health regeneration.
 I - an amulet of faith
 N - the ring "Wievan" (right claw) {Fly rPois Int+6 Stlth-}
   (You found it on level 2 of the Lair of Beasts)

   [ring of flight]

   Int:       It affects your intelligence (+6).
   rPois:     It protects you from poison.
   Fly:       It grants you flight.
   Stlth:     It makes you less stealthy.
 P - a +4 ring of evasion
 Q - a ring of positive energy
 U - the amulet of the Past {Acrobat Harm}
   (You found it on level 4 of the Lair of Beasts)

   [amulet of the acrobat]

   It increases your evasion while moving and waiting.
   Harm:      It increases damage dealt and taken.
 Y - the ring "Xuaklauth" {Dex+6 SInv}
   (You acquired it on level 1 of the Swamp)

   [ring of see invisible]

   Dex:       It affects your dexterity (+6).
   SInv:      It lets you see invisible.
Wands
 i - a wand of digging (14)
 G - a wand of iceblast (30)
 H - a wand of flame (73)
 K - a wand of polymorph (9)
 M - a wand of acid (19)
 O - a wand of charming (15)
 R - a wand of mindburst (27)
Scrolls
 d - 6 scrolls of fog
 f - 8 scrolls of identify
 g - 2 scrolls of blinking
 l - 7 scrolls of teleportation
 r - 2 scrolls of enchant armour
 t - 2 scrolls of silence
 v - 3 scrolls of vulnerability
 x - 3 scrolls of summoning
 E - 3 scrolls of torment
 T - 3 scrolls of brand weapon
 V - 2 scrolls of magic mapping
Potions
 b - 2 potions of might
 e - 4 potions of cancellation
 h - 7 potions of attraction
 n - 8 potions of lignification
 p - 6 potions of heal wounds
 q - 4 potions of mutation
 u - 2 potions of berserk rage
 w - a potion of haste
 z - 6 potions of ambrosia
 C - 6 potions of curing
 J - a potion of magic
 S - 2 potions of invisibility
Miscellaneous
 a - a condenser vane


   Skills:
 * Level 17.6 Fighting
 - Level 13.9(16.6) Axes
 - Level 15.3(17.2) Maces & Flails
 + Level 10.0 Armour
 + Level 10.0 Dodging
 + Level 4.7 Shields


You had 16 spell levels left.
You didn't know any spells.
Your spell library was empty.

Dungeon Overview and Level Annotations

Branches:
Dungeon (15/15)            Temple (0/1) D:4            Lair (6/6) D:11
  Swamp (2/4) Lair:4       Spider (0/4) Lair:4        Slime (0/5) Lair:6
    Orc (2/2) D:9             Elf (0/3) Orc:2        Vaults (0/5) D:13
 Depths (0/5) D:15        Ossuary (visited)

Altars:
Elyvilon
Gozag
Kikubaaqudgha
Makhleb
Okawaru
Qazlal
Uskayaw
Wu Jian
Yredelemnul
The Shining One
Beogh

Shops:
D:5 *   D:13 *[=(   Orc:2 *([=


Innate Abilities, Weirdness & Mutations

You have claws for hands.
You are mostly covered in rugged brown scales. (AC +2, +5% HP)
You frequently emit foul miasma when damaged in melee.
You are powered by pain.


Message History

The will-o-the-wisp is lightly damaged.
The will-o-the-wisp engulfs you but does no damage.
You hit the will-o-the-wisp.
The will-o-the-wisp is moderately damaged.
You completely miss the will-o-the-wisp.
The will-o-the-wisp is moderately damaged.
The will-o-the-wisp gestures.
The will-o-the-wisp conjures some foxfire!
The will-o-the-wisp gestures.
The will-o-the-wisp conjures some foxfire! 4 foxfires come into view.
You slash the will-o-the-wisp!
The will-o-the-wisp is heavily damaged.
The foxfire hits you but does no damage.
The will-o-the-wisp gestures.
The will-o-the-wisp conjures some foxfire!
The will-o-the-wisp gestures.
The will-o-the-wisp conjures some foxfire!
The foxfire moves out of view. 4 foxfires come into view.
You slash the will-o-the-wisp!
The will-o-the-wisp is severely damaged.
You slash the foxfire!
You are engulfed in a cloud of scalding steam.
The foxfire hits you!! x3
* * * LOW HITPOINT WARNING * * *
The will-o-the-wisp gestures.
The will-o-the-wisp conjures some foxfire! 2 foxfires come into view.
You are too injured to fight recklessly!
You are too injured to fight recklessly!
Unknown command.
As you read the scroll of teleportation, it crumbles to dust.
You feel strangely unstable. The foxfire hits you!
* * * LOW HITPOINT WARNING * * *
The foxfire hits you!
* * * LOW HITPOINT WARNING * * *
The foxfire hits you but does no damage.
The foxfire hits you!!
You die...

♣♣.§....≈.(♣ ....≈≈≈≈
♣....≈♣♣♣♣♣♣♣♣....≈≈≈
♣.≈≈≈♣♣..♣.♣ ♣♣♣.≈≈§≈
♣.≈.♣♣♣.≈≈.§ ♣≈≈≈≈≈
♣..♣♣≈..≈§§≈ ♣≈≈.§
♣..♣♣≈§§§≈§≈
♣.≈♣§§§§v§♣ ♣.≈§♣v§≈♣
♣.≈§@§§≈♣ ♣♣§♣v§.≈≈≈♣
♣..♣♣§..≈≈≈≈ ♣≈.♣
♣....≈≈ ♣.$. ..≈≈.≈
♣... ♣..♣♣♣ ♣♣≈ ♣♣♣


You could see 2 will-o-the-wisps.

Vanquished Creatures
  Jorgrun (D:15)
  Rupert (D:14)
  A thorn hunter (Swamp:1)
  Frances (D:14)
  A sphinx (D:15)
  2 tentacled starspawn (Abyss:3)
  2 storm dragons
  An orc warlord (Orc:1)
  A cacodemon (Abyss:2)
  A very ugly thing (D:15)
  The ghost of demivan the Grappler, a journeyman TrFi of Ru (Lair:4)
  A minotaur (Lair:4)
  2 bunyips
  An ettin (D:15)
  2 eleionomae (Swamp:1)
  A fire dragon (Lair:6)
  Josephine (Orc:2)
  A vault guard (D:13)
  4 yaktaur captains (D:15)
  A catoblepas (Lair:6)
  3 boulder beetles (D:15)
  14 hydras
  An ogre mage (D:12)
  12 centaur warriors
  A death knight (D:12)
  9 two-headed ogres
  6 alligators
  10 death yaks
  A deep troll earth mage (D:15)
  4 tengu warriors
  2 orc high priests (Orc:2)
  A deep elf knight (D:12)
  Sonja (D:12)
  3 sixfirhies (Abyss:2)
  A fire crab (D:15)
  4 goliath frogs
  3 skeletal warriors (D:12)
  A deep troll (D:15)
  5 orc knights
  3 wizards (D:15)
  3 swamp dragons
  A lindwurm (Lair:6)
  A phantasmal warrior (D:15)
  3 deep elf pyromancers
  4 oklob plants (Lair:6)
  3 harpies (D:15)
  3 wolf spiders
  21 ugly things
  2 orc sorcerers
  3 will-o-the-wisps (Swamp:2)
  7 elephants
  15 cyclopes
  A large abomination (Abyss:3)
  A manticore (shapeshifter) (D:15)
  7 manticores
  9 black mambas
  Maurice (D:9)
  An orange demon (Abyss:2)
  A torpor snail (Lair:6)
  2 smoke demons (Abyss:3)
  15 cane toads
  2 unseen horrors
  6 gargoyles
  17 komodo dragons
  3 rime drakes (Lair:6)
  8 freezing wraiths
  2 efreet
  4 yaktaurs
  2 tengu conjurers
  A jumping spider (Lair:4)
  A polar bear (Lair:6)
  A wolf spider simulacrum (D:15)
  8 trolls
  2 meliai
  2 tyrant leeches
  A bloated husk (Swamp:2)
  6 hornets
  Grinder (D:3)
  4 raiju (Abyss:3)
  6 slime creatures
  A blink frog (shapeshifter) (D:13)
  15 blink frogs
  A raiju (shapeshifter) (D:13)
  2 dream sheep (Lair:6)
  A small abomination (Abyss:2)
  A redback (Lair:4)
  Sigmund (D:4)
  A shadow (D:9)
  5 centaur simulacra
  5 spriggans (Swamp:1)
  A water elemental (D:14)
  32 yaks
  4 wraiths
  6 wyverns
  A chaos spawn (Abyss:3)
  A neqoxec (Abyss:2)
  8 basilisks
  9 vampire mosquitoes
  7 wargs
  A steam dragon (D:6)
  3 swamp worms
  4 acid dragons
  Duvessa (D:4)
  15 water moccasins
  26 orc warriors
  2 sky beasts (D:6)
  A black bear (D:11)
  A black bear (shapeshifter) (D:15)
  7 swamp drakes
  A necrophage (D:5)
  15 wolves
  9 ogres
  A boggart (D:12)
  12 centaurs
  A phantom (D:6)
  3 kobold brigands
  Blork the orc (D:5)
  14 bullfrogs
  12 scorpions
  2 wyvern zombies (D:8)
  Dowan (D:4)
  14 killer bees
  8 wights
  3 howler monkeys (D:9)
  6 centaur zombies
  A hound (D:4)
  3 human zombies (Ossuary)
  3 starcursed masses (Abyss:3)
  4 iron imps
  Crazy Yiuf (D:7)
  4 gnoll shamans
  16 orc priests
  A centaur skeleton (D:7)
  3 scorpion zombies (Ossuary)
  10 iguanas
  23 orc wizards
  A hell rat (Lair:6)
  Robin (D:3)
  3 mummies (Ossuary)
  17 gnolls
  3 adders
  A shadow imp (D:6)
  4 white imps
  An adder zombie (D:5)
  An adder skeleton (D:4)
  A dart slug (D:1)
  54 orcs
  7 bats
  12 endoplasms
  2 giant cockroaches
  A gnoll zombie (Ossuary)
  7 hobgoblins
  8 jackals
  4 quokkas
  8 ball pythons
  5 frilled lizards
  15 goblins
  3 goblin zombies (Ossuary)
  3 hobgoblin zombies (Ossuary)
  15 kobolds
  A kobold zombie (Ossuary)
  An orc zombie (Ossuary)
  5 rats
  3 starspawn tentacles (Abyss:3)
815 creatures vanquished.

Vanquished Creatures (others)
  A skeletal warrior (D:12)
  4 bloated husks (Swamp:1)
  2 orcs (Orc:2)
  18 foxfires (Swamp:2)
  5 fungi
  18 plants
  5 starspawn tentacles (Abyss:3)
53 creatures vanquished.

Grand Total: 868 creatures vanquished

Notes
Turn   | Place    | Note
-------+----------+-------------------------------------------
     0 | D:1      | Kinoniko the Demonspawn Berserker began the quest for the
                  | Orb.
     0 | D:1      | Reached XP level 1. HP: 18/18 MP: 1/1
   193 | D:1      | Gained mutation: You sometimes gain a little power by
                  | taking damage. [demonic ancestry]
   193 | D:1      | Reached XP level 2. HP: 15/24 MP: 2/2
   821 | D:1      | Reached ** piety under Trog
  1037 | D:1      | Gained mutation: You are partially covered in rugged brown
                  | scales. (AC +1, +3% HP) [demonic ancestry]
  1037 | D:1      | Reached XP level 3. HP: 23/29 MP: 3/3
  2410 | D:3      | Noticed Grinder
  2413 | D:3      | Paralysed by Grinder for 2 turns
  2427 | D:3      | Killed Grinder
  2428 | D:3      | Gained mutation: You sometimes gain power by taking damage.
                  | [demonic ancestry]
  2428 | D:3      | Reached XP level 4. HP: 15/36 MP: 4/4
  2428 | D:3      | Gained mutation: You have sharp fingernails. [demonic
                  | ancestry]
  2428 | D:3      | Reached XP level 5. HP: 17/42 MP: 5/5
  2804 | D:3      | Found a stormy altar of Qazlal.
  2804 | D:3      | Found an ornate altar of the Wu Jian Council.
  2846 | D:3      | Found an iron altar of Okawaru.
  2848 | D:3      | Found a faded altar of an unknown god.
  2850 | D:3      | Found a faded altar of an unknown god.
  2934 | D:3      | Gained mutation: You are powered by pain. [demonic
                  | ancestry]
  2934 | D:3      | Reached XP level 6. HP: 26/48 MP: 6/6
  3087 | D:3      | Noticed Robin
  3106 | D:3      | Killed Robin
  3109 | D:3      | Reached *** piety under Trog
  3220 | D:3      | Found a burning altar of Makhleb.
  3510 | D:3      | Found a faded altar of an unknown god.
  3598 | D:4      | Reached skill level 1 in Maces & Flails
  3718 | D:4      | Gained mutation: You have very sharp fingernails. [demonic
                  | ancestry]
  3718 | D:4      | Reached XP level 7. HP: 53/53 MP: 7/7
  3922 | D:4      | Noticed Duvessa
  3922 | D:4      | Noticed Dowan
  3930 | D:4      | Killed Duvessa
  3941 | D:4      | Killed Dowan
  3979 | D:4      | Found a staircase to the Ecumenical Temple.
  4269 | D:4      | Noticed Sigmund
  4282 | D:4      | Killed Sigmund
  4283 | D:4      | Reached skill level 5 in Maces & Flails
  4479 | D:4      | Reached **** piety under Trog
  4944 | D:5      | Entered Level 5 of the Dungeon
  4966 | D:5      | Found a sand-covered staircase.
  4972 | Ossuary  | Entered an ossuary
  4989 | Ossuary  | Reached XP level 8. HP: 54/59 MP: 8/8
  5022 | Ossuary  | Found the amulet of Vitality {Regen+ HP+15}
  5726 | D:5      | Found Ufyhaedu's General Store.
  5808 | D:5      | Noticed an angel
  5990 | D:5      | Reached ***** piety under Trog
  5994 | D:5      | Reached XP level 9. HP: 64/64 MP: 9/9
  6131 | D:5      | Found a basalt altar of Yredelemnul.
  6133 | D:5      | Noticed a profane servitor
  6283 | D:5      | Noticed Blork the orc
  6297 | D:5      | Killed Blork the orc
  7482 | D:6      | Identified a scroll of acquirement
  7483 | D:6      | Acquired the +1 cloak of Starlight {*Dazzle EV+4 Stlth--}
  7483 | D:6      | Found the +1 cloak of Starlight {*Dazzle EV+4 Stlth--}
  7536 | D:6      | Reached skill level 10 in Maces & Flails
  7725 | D:7      | Found a runed translucent door.
  7726 | D:7      | Noticed Crazy Yiuf
  8042 | D:7      | Killed Crazy Yiuf
  8297 | D:8      | Received a gift from Trog
  8477 | D:8      | Noticed a two-headed ogre
  8487 | D:8      | Killed a two-headed ogre
  8488 | D:8      | Gained mutation: You may rarely emit foul miasma when
                  | damaged in melee. [demonic ancestry]
  8488 | D:8      | Reached XP level 10. HP: 72/72 MP: 10/10
  8971 | D:9      | Paralysed by a hornet for 2 turns
  9316 | D:5      | Bought a +1 demon whip of electrocution for 534 gold pieces
  9467 | D:9      | Noticed a two-headed ogre
  9480 | D:9      | Killed a two-headed ogre
  9549 | D:9      | Found a staircase to the Orcish Mines.
  9598 | D:9      | Noticed Maurice
  9611 | D:9      | Killed Maurice
  9961 | D:9      | Noticed a gargoyle
  9968 | D:9      | Killed a gargoyle
  9999 | D:9      | Noticed a gargoyle
 10006 | D:9      | Killed a gargoyle
 10007 | D:9      | Gained mutation: You sometimes emit foul miasma when
                  | damaged in melee. [demonic ancestry]
 10007 | D:9      | Reached XP level 11. HP: 75/77 MP: 11/11
 10396 | D:10     | Entered Level 10 of the Dungeon
 10820 | D:10     | Reached skill level 4 in Fighting
 11413 | D:11     | Noticed a two-headed ogre
 11426 | D:11     | Killed a two-headed ogre
 11427 | D:11     | Reached skill level 5 in Fighting
 11496 | D:11     | Received a gift from Trog
 11590 | D:11     | Noticed a two-headed ogre
 11595 | D:11     | Killed a two-headed ogre
 11700 | D:11     | Noticed a death yak
 11711 | D:11     | Reached skill level 6 in Fighting
 11716 | D:11     | Killed a death yak
 11756 | D:11     | Reached skill level 15 in Maces & Flails
 11808 | D:11     | Found a staircase to the Lair.
 12040 | Lair:1   | Entered Level 1 of the Lair of Beasts
 12111 | Lair:1   | Reached skill level 7 in Fighting
 12111 | Lair:1   | Gained mutation: You are mostly covered in rugged brown
                  | scales. (AC +2, +5% HP) [demonic ancestry]
 12111 | Lair:1   | Reached XP level 12. HP: 95/95 MP: 12/12
 12173 | Lair:1   | Noticed an eight-headed hydra
 12181 | Lair:1   | Killed an eight-headed hydra
 12470 | Lair:1   | Reached skill level 8 in Fighting
 12564 | Lair:1   | Found a hide-covered altar of Uskayaw.
 12993 | Lair:2   | Reached skill level 9 in Fighting
 13169 | Lair:2   | Found a frozen archway.
 13466 | Lair:2   | Reached skill level 10 in Fighting
 13636 | Lair:2   | Noticed a seven-headed hydra
 13642 | Lair:2   | Killed a seven-headed hydra
 13678 | Lair:2   | Identified the ring "Wievan" {Fly rPois Int+6 Stlth-}
 13860 | Lair:3   | Reached XP level 13. HP: 108/108 MP: 13/13
 13865 | Lair:3   | Received a gift from Trog
 13885 | Lair:3   | Reached skill level 5 in Dodging
 13935 | Lair:3   | Acquired a +4 ring of evasion
 13949 | Lair:3   | Reached skill level 5 in Armour
 14588 | Lair:4   | Found a runed translucent gate.
 14589 | Lair:4   | Found a runed translucent gate.
 14590 | Lair:4   | Found a runed translucent gate.
 14594 | Lair:4   | Noticed a minotaur
 14595 | Lair:4   | Noticed demivan's ghost (journeyman TrFi)
 14609 | Lair:4   | Found a staircase to the Swamp.
 14615 | Lair:4   | Reached skill level 11 in Fighting
 15078 | Lair:4   | Found a hole to the Spider Nest.
 15636 | Lair:5   | Acquired a manual of Fighting
 15983 | Lair:5   | Reached skill level 12 in Fighting
 16271 | Lair:6   | Entered Level 6 of the Lair of Beasts
 16697 | Lair:6   | Reached ****** piety under Trog
 16718 | Lair:6   | Received a gift from Trog
 16724 | Lair:6   | Reached skill level 13 in Fighting
 16776 | Lair:6   | Gained mutation: You have claws for hands. [demonic
                  | ancestry]
 16776 | Lair:6   | Reached XP level 14. HP: 112/123 MP: 14/14
 16996 | Lair:6   | Found a staircase to the Slime Pits.
 17076 | Lair:6   | Reached skill level 14 in Fighting
 17981 | D:12     | Reached skill level 15 in Fighting
 18089 | D:12     | Paralysed by an ogre mage for 4 turns
 18563 | D:12     | Noticed a storm dragon
 18581 | D:12     | Killed a storm dragon
 18582 | D:12     | Reached skill level 16 in Fighting
 18680 | D:12     | Noticed Sonja
 18696 | D:12     | Killed Sonja
 18987 | D:13     | Found a gate to the Vaults.
 19019 | D:13     | Received a gift from Trog
 19199 | D:13     | Reached skill level 1 in Shields
 19243 | D:13     | Found Biurulim's Weapon Shop.
 19243 | D:13     | Found Kumom's Jewellery Shop.
 19244 | D:13     | Found Fimm's Antique Armour Shop.
 19244 | D:13     | Found Isiepo's Assorted Antiques.
 19250 | D:13     | Reached XP level 15. HP: 138/138 MP: 15/15
 19291 | D:13     | Bought a glowing plate armour for 910 gold pieces
 20035 | D:14     | Noticed Rupert
 20036 | D:14     | Paralysed by Rupert for 7 turns
 20057 | D:14     | Killed Rupert
 20211 | D:14     | Noticed Frances
 20223 | D:14     | Killed Frances
 20501 | Orc:1    | Entered Level 1 of the Orcish Mines
 20587 | Orc:2    | Entered Level 2 of the Orcish Mines
 20610 | Orc:2    | Received a gift from Trog
 21145 | Orc:2    | Noticed Josephine
 21157 | Orc:2    | Killed Josephine
 21158 | Orc:2    | Reached skill level 17 in Fighting
 21170 | Orc:2    | Noticed an orc warlord
 21232 | Orc:1    | Killed an orc warlord
 21289 | Orc:2    | Paralysed by an orc sorcerer for 7 turns
 21510 | Orc:2    | Received a gift from Trog
 21556 | Orc:2    | Found Gapisef's General Store.
 21641 | Orc:2    | Found Benyxt's Antique Armour Shop.
 21657 | Orc:2    | Found Kops's Jewellery Shop.
 21787 | Orc:2    | Found a staircase to the Elven Halls.
 21847 | Orc:2    | Found Icupitur's Antique Weapon Shop.
 22152 | D:15     | Entered Level 15 of the Dungeon
 22219 | D:15     | Noticed Jorgrun
 22252 | D:15     | Killed Jorgrun
 22601 | D:15     | Found an opulent altar of Gozag.
 22601 | D:15     | Found an ancient bone altar of Kikubaaqudgha.
 22724 | D:15     | Noticed a sphinx
 22743 | D:15     | Killed a sphinx
 22744 | D:15     | Reached XP level 16. HP: 148/148 MP: 16/16
 22820 | D:15     | Received a gift from Trog
 22824 | D:15     | Reached skill level 10 in Axes
 22980 | D:15     | Cast into level 2 of the Abyss (a wizard)
 23037 | Abyss:2  | Found a corrupted altar of Lugonu.
 23269 | Abyss:3  | Identified the +0 hat of the Wild Haggis {-Tele Harm rC+}
 23319 | Abyss:3  | Noticed a tentacled starspawn
 23327 | Abyss:3  | Killed a tentacled starspawn
 23353 | Abyss:3  | Noticed a tentacled starspawn
 23364 | Abyss:3  | Killed a tentacled starspawn
 23367 | D:15     | Escaped the Abyss
 23381 | D:15     | Found a staircase to the Depths.
 24146 | D:15     | Received a gift from Trog
 24296 | D:15     | Identified the +5 short sword of Focus {vamp, +Blink rN+
                  | Dex-2}
 24435 | D:15     | Noticed a storm dragon
 24449 | D:15     | Killed a storm dragon
 24781 | Lair:4   | Killed demivan's ghost
 24836 | Lair:4   | Identified the amulet of the Past {Acrobat Harm}
 25058 | Orc:2    | Upgraded the game from 0.27.0-65-ge2af304b15 to
                  | 0.27.0-66-gdc8fb28755
 25228 | Swamp:1  | Entered Level 1 of the Swamp
 25228 | Swamp:1  | Noticed a thorn hunter
 25243 | Swamp:1  | Killed a thorn hunter
 25244 | Swamp:1  | Gained mutation: You frequently emit foul miasma when
                  | damaged in melee. [demonic ancestry]
 25244 | Swamp:1  | Reached XP level 17. HP: 149/154 MP: 17/17
 25483 | Swamp:1  | Acquired the ring "Xuaklauth" {Dex+6 SInv}
 26261 | Swamp:2  | Reached skill level 10 in Armour
 26295 | Swamp:2  | Reached skill level 10 in Dodging
 26305 | Swamp:2  | Killed from afar by a will-o-the-wisp

Illustrated notes

Levels and vault maps discovered:
D:1:      dpeg_arrival_lava_altar, layout_loops_cross
D:2:      layout_loops_corners
D:3:      layout_basic, demons_altar, chequers_temple_overflow_minitemple,
          shapermc_ecumenical_altar_totnotflames, uniq_grinder, uniq_robin
D:4:      layout_basic, minmay_temple_entry_trees, uniq_sigmund, uniq_duvessa
D:5:      layout_basic, grunt_temple_overflow_holy_war,
          nicolae_ossuary_entry_ruins, serial_shops, nicolae_shop_behind_doors,
          minmay_a_box_with_orc_wizards_in_it, uniq_blork_the_orc
D:6:      layout_loops_ring
D:7:      layout_rooms, uniq_crazy_yiuf_cottage
D:8:      layout_basic, serial_bayou_crossing
D:9:      cheibrodos_statue_roulette, layout_basic, orc_0_dummy, kennysheep_nub,
          uniq_maurice
D:10:     layout_roguey, hex_large, minivault_25_ag, minmay_misc_feat_diagonals
D:11:     layout_gridville, david_lair_generic
D:12:     minmay_bad_star, layout_basic, uniq_sonja
D:13:     layout_roguey, david_vaults_5, minmay_shop_grid_forest,
          roderic_roman_lattice
D:14:     layout_gridville, minivault_4, uniq_frances, uniq_rupert
D:15:     hangedman_slaughterboxes, uniq_jorgrun
Lair:1:   layout_hall_layers, basic_altar, serial_bayou_shore_a
Lair:2:   cheibrodos_lair_river_kwai, layout_long_grid,
          portal_ice_cave_entry_pillars_2, grunt_megastairs_3
Lair:3:   layout_cave_shapes
Lair:4:   layout_hall_layers, minmay_swamp_entry_reptiles,
          spider_nest_entry_funnel_web, maelrawn_ghost_gauntlet_escape,
          st_stairs_7
Lair:5:   layout_layer_cave
Lair:6:   guppyfry_lair_end_dragon, layout_regular_city,
          hangedman_lair_in_review, nicolae_slime_entry_slimehenge,
          minmay_lair_oklob_chamber
Swamp:1:  layout_basic_swamp, evilmike_swamp_ruin_house_1,
          nicolae_swamp_super_fun_site
Swamp:2:  layout_basic_swamp, evilmike_swamp_ruin_house_3,
          nicolae_swamp_wisp_ring_woods, uniq_nikola
Orc:1:    layout_caves
Orc:2:    grunt_orc_cross, layout_caves, basic_altar, uniq_josephine

Skill      XL: |  1  2  3  4  5  6  7  8  9 10 11 12 13 14 15 16 17 |
---------------+----------------------------------------------------+-----
Axes           | 3 6 9 13 | 13.9
Maces & Flails | 2 5 8 11 13 15 | 15.3
Fighting       | 7 10 13 16 17 | 17.6
Dodging        | 4 7 8 9 10 | 10.0
Armour         | 4 7 8 9 10 | 10.0
Shields        | 1 3 4 |  4.7

Action                   |  1- 3 |  4- 6 |  7- 9 | 10-12 | 13-15 | 16-18 || total
-------------------------+-------+-------+-------+-------+-------+-------++-------
Melee: Hand axe          |    98 |    98 |       |       |       |       ||   196
       Whip              |       |    39 |   400 |    89 |       |       ||   528
       Demon whip        |       |       |       |   526 |  1084 |       ||  1610
       Broad axe         |       |       |       |       |   124 |   523 ||   647
Invok: Berserk           |     2 |     4 |    11 |    13 |    26 |    14 ||    70
       Brothers in Arms  |       |       |       |       |     1 |       ||     1
  Use: Scroll            |       |       |    12 |    14 |    16 |     7 ||    49
       Potion            |       |       |       |       |     4 |     1 ||     5
 Stab: Sleeping          |     3 |       |       |       |       |       ||     3
       Invisible         |       |       |     2 |    10 |    52 |    14 ||    78
       Petrified         |       |       |       |       |     2 |       ||     2
       Petrifying        |       |       |       |       |     1 |       ||     1
       Distracted        |       |       |       |       |       |     1 ||     1
Armor: Animal skin       |    11 |       |       |       |       |       ||    11
       Scale mail        |    15 |    74 |   108 |     1 |       |       ||   198
       Chain mail        |       |       |       |   243 |   166 |       ||   409
       Plate armour      |       |       |       |       |   210 |   422 ||   632
Dodge: Dodged            |    43 |    72 |   177 |   306 |   788 |   587 ||  1973
Block: Buckler           |       |       |       |       |    93 |   161 ||   254
